 Dungeon Crawl Stone Soup version 0.23.2-1-ga50397a (webtiles) character file.

Game seed: 34156722106325684

4768 Goblin1989 the Chiller (level 10, -5/73 HPs)
             Began as a Demonspawn Ice Elementalist on May 3, 2019.
             Was a Believer of Vehumet.
             Slain by an orc warrior
             ... wielding a +3 glaive
              (10 damage)
             ... while petrified by a basilisk
             ... on level 10 of the Dungeon on May 10, 2019.
             The game lasted 00:46:55 (13501 turns).

Goblin1989 the Chiller (DsIE)                      Turns: 13501, Time: 00:46:55

Health: -5/73      AC: 15    Str:  9    XL:     10   Next: 23%
Magic:  18/18      EV:  2    Int: 20    God:    Vehumet [**....]
Gold:   494        SH:  0    Dex: 13    Spells: 8/20 levels left

rFire    . . .     SeeInvis .     - Unarmed
rCold    + . .     Gourm    .   (no shield)
rNeg     + + +     Faith    .   S - +5 ring mail
rPois    ∞         Spirit   .   (no helmet)
rElec    .         Reflect  .   g - +0 cloak
rCorr    .         Harm     .   (no gloves)
MR       .....                  (no boots)
Stlth    +.........             (no amulet)
HPRegen  0.22/turn              c - ring of protection from cold
MPRegen  0.16/turn              (no ring)

@: petrified, very slightly contaminated, lightly drained
A: claws 2, iridescent scales 2, spiny 1
a: Renounce Religion


You were on level 10 of the Dungeon.
You worshipped Vehumet.
Vehumet was pleased with you.
You were not hungry.

You visited 2 branches of the dungeon, and saw 11 of its levels.

You collected 494 gold pieces.

Inventory:

Hand Weapons
 j - a +0 flail
 y - a +1 whip of venom
 G - a +0 hunting sling
 H - a +2 falchion of flaming
 N - a +1 trident of flaming
Missiles
 n - 122 sling bullets
 o - 403 stones (quivered) {@Q3}
 C - 14 arrows
 J - 46 bolts
 O - 2 exploding tomahawks
 U - 6 curare-tipped needles
 X - 10 tomahawks
 Z - 4 throwing nets {!d , @Q1}
Armour
 a - a +0 robe
 g - a +0 cloak (worn)
 k - a +1 scale mail of magic resistance
 S - a +5 ring mail (worn)
Jewellery
 c - a ring of protection from cold (left claw)
Wands
 w - a wand of flame (12) {@v6}
 x - a wand of scattershot (6) {@v5}
 F - a wand of digging (7) {@v1}
 I - a wand of paralysis (15) {@v7}
 P - a wand of iceblast (13) {@v4}
Scrolls
 h - 3 scrolls of amnesia
 l - 2 scrolls of fog
 A - a scroll of fear
 K - 2 scrolls of enchant armour
 L - a scroll of immolation
 M - a scroll of magic mapping
 Q - a scroll of remove curse {@r3}
 R - 4 scrolls of identify {@r1}
 T - 2 scrolls of teleportation {!r, @r2}
Potions
 m - 4 potions of curing {@q1}
 v - a potion of haste {@q3,}
 z - a potion of mutation {!q}
 D - a potion of heal wounds {@q2}
 E - a potion of flight
 V - 2 potions of invisibility
 W - a potion of might {@q4}
 Y - a potion of agility {@q5}
Comestibles
 e - 18 rations


   Skills:
 + Level 4.5(4.2) Fighting
 + Level 2.7(2.4) Armour
 + Level 4.8(4.5) Dodging
 - Level 1.7(1.4) Stealth
 + Level 4.2(3.9) Unarmed Combat
 + Level 5.5(5.2) Spellcasting
 * Level 7.0(6.7) Conjurations
 + Level 1.0(0.7) Fire Magic
 * Level 7.6(7.3) Ice Magic


You had 8 spell levels left.
You knew the following spells:

 Your Spells              Type           Power        Failure   Level  Hunger
a - Freeze                Ice            ####         1%          1    None
b - Throw Frost           Conj/Ice       ####..       2%          2    None
c - Throw Icicle          Conj/Ice       ####....     17%         4    ####...
d - Blink                 Tloc           N/A          43%         2    None
j - Conjure Flame         Conj/Fire      ###.....     21%         3    ##.....

Your spell library contained the following spells:

 Spells                   Type           Power        Failure   Level  Hunger
 Shock                    Conj/Air       ###.         8%          1    None
 Magic Dart               Conj           ####         1%          1    None
 Ozocubu's Armour         Chrm/Ice       ###.....     21%         3    ##.....
 Mephitic Cloud           Conj/Pois/Air  ##......     36%         3    ##.....
 Call Imp                 Summ           #.......     43%         2    None
 Slow                     Hex            #.......     43%         2    None
 Summon Ice Beast         Ice/Summ       ###.....     56%         4    ####...


Dungeon Overview and Level Annotations

Branches:
Dungeon (10/15)            Temple (1/1) D:6             Orc (0/2) D:9
   Lair: D:8-11

Altars:
Ashenzari
Cheibriados
Dithmenos
Elyvilon
Fedhas
Gozag
Hepliaklqana
Kikubaaqudgha
Makhleb
Nemelex Xobeh
Okawaru
Qazlal
Ru
Sif Muna
Trog
Uskayaw
Vehumet
Wu Jian
Xom
Yredelemnul
Zin
The Shining One

Annotations:
D:6 exclusion: door
D:10 3 runed translucent doors


Innate Abilities, Weirdness & Mutations

You have very sharp fingernails.
You are mostly covered in iridescent scales. (AC +4)
You are partially covered in sharp spines.


Message History

The orc warrior hits you with a +2 mace of holy wrath!
You convulse.
You take 11 damage, and have 62/73 hp.
You claw the orc warrior!
The orc warrior is moderately wounded.
The orc warrior hits you with a +2 mace of holy wrath.
You convulse.
You take 4 damage, and have 58/73 hp.
Your ring mail prevents you from hitting the orc warrior.
The orc warrior is moderately wounded.
The orc warrior hits you with a +2 mace of holy wrath!
You convulse.
You take 17 damage, and have 41/73 hp.
MASSIVE DAMAGE!!
You are too injured to fight recklessly!
You are too injured to fight recklessly!
You are too injured to fight recklessly!
You are too injured to fight recklessly!
You are too injured to fight recklessly!
You are too injured to fight recklessly!
You are too injured to fight recklessly!
You are too injured to fight recklessly!
You are too injured to fight recklessly!
You are too injured to fight recklessly!
You are too injured to fight recklessly!
You are too injured to fight recklessly!
You are too injured to fight recklessly!
You are too injured to fight recklessly!
You are too injured to fight recklessly!
You are too injured to fight recklessly!
You are too injured to fight recklessly!
You are too injured to fight recklessly!
You scratch the orc warrior but do no damage.
The orc warrior is moderately wounded.
The orc warrior hits you with a +2 mace of holy wrath!
* * * LOW HITPOINT WARNING * * *
You convulse!!
* * * LOW HITPOINT WARNING * * *
You take 36 damage, and have 5/73 hp.
MASSIVE DAMAGE!!
Press: ? - help, v - describe, . - travel
Here: an orc warrior, wielding a +2 mace of holy wrath and wearing a +0 chain mail (moderately wounded)
The floor, spattered with blood.
There is a staircase to the Orcish Mines here.
There is a stone staircase leading up here.
The orc warrior is struck by your spines.
The orc warrior hits you but does no damage.
The orc warrior hits you with a +2 mace of holy wrath.
* * * LOW HITPOINT WARNING * * *
You convulse.
* * * LOW HITPOINT WARNING * * *
You take 2 damage, and have 8/73 hp.
An ogre comes into view. It is wielding a +0 giant club.
The ogre shouts!
The ogre hits you with a +0 giant club!
* * * LOW HITPOINT WARNING * * *
You take 13 damage, and have 2/73 hp.
There is a stone staircase leading down here.
You climb downwards.
A basilisk comes into view.
The basilisk hisses angrily.
The brown ugly thing gurgles horribly!
You hear a horrible gurgling sound!
You hear a howl!
There is a stone staircase leading up here.
The basilisk gazes at you.
You are slowing down.
Blink to where?
Press: ? - help, Dir - move target cursor, f - you
Okay, then.
Okay, then.
Blink to where?
Press: ? - help, Dir - move target cursor You are very lightly contaminated with residual magic.
As you read the scroll of blinking, it crumbles to dust.
An adder comes into view.
The adder hisses angrily.
Your limbs are stiffening.
Really read
T - 3 scrolls of teleportation {!r, @r2}?
As you read the scroll of teleportation {!r, @r2}, it crumbles to dust.
You feel strangely unstable. The adder bites you but does no damage.
You have turned to stone.
The adder barely misses you. The adder is struck by your spines.
You kill the adder!
Vehumet accepts your kill.
Your surroundings suddenly seem different.
A hound comes into view.
The hound barks!
An adder zombie comes into view.
Found two stone staircases leading down.
The hound is struck by your spines. The hound bites you but does no damage.
The hound is struck by your spines. The hound bites you but does no damage.
The adder zombie is struck by your spines.
The adder zombie bites you but does no damage.
The hound is struck by your spines.
You kill the hound!
Vehumet accepts your kill.
The orc warrior hits you from afar with a +3 glaive.
* * * LOW HITPOINT WARNING * * *
The adder zombie is struck by your spines.
The adder zombie bites you but does no damage.
The orc warrior hits you from afar with a +3 glaive!!
You die...

██████████████.
...............
...............
....(.........█
......?.......█
......Z@....(.█
..............█
>......o......█
..............█
..............█
......>........
.......$.......


███████████████ You could see an orc warrior and an adder zombie.

Vanquished Creatures
  Joseph (D:7)
  2 hippogriffs
  Menkaure (D:6)
  A warg (D:9)
  5 orc warriors
  2 ice beasts (D:7)
  A sky beast (D:9)
  A necrophage (D:8)
  5 phantoms
  5 ogres
  A centaur (D:8)
  A big kobold (D:9)
  4 bullfrogs
  5 scorpions
  5 wights (D:9)
  A jelly (D:8)
  A howler monkey (D:8)
  3 crimson imps
  A bullfrog zombie (D:8)
  5 hounds
  2 orc priests (D:8)
  Terence (D:2)
  3 iguanas
  8 orc wizards
  7 worker ants
  2 hound skeletons
  8 gnolls
  9 adders
  A shadow imp (D:5)
  An adder skeleton (D:5)
  3 worms
  2 dart slugs (D:3)
  8 leopard geckos
  32 orcs
  4 giant cockroaches
  12 goblins
  12 hobgoblins
  7 jackals (D:4)
  5 quokkas
  2 ball pythons
  8 bats
  5 frilled lizards
  A jackal skeleton (D:8)
  14 kobolds
  8 rats
216 creatures vanquished.

Vanquished Creatures (others)
  An adder (D:5)
  An ooze (D:2)
  A goblin (D:2)
  A rat (D:2)
4 creatures vanquished.

Grand Total: 220 creatures vanquished

Notes
Turn   | Place    | Note
-------+----------+-------------------------------------------
     0 | D:1      | Goblin1989 the Demonspawn Ice Elementalist began the quest
                  | for the Orb.
     0 | D:1      | Reached XP level 1. HP: 13/13 MP: 3/3
   274 | D:1      | Gained mutation: You have sharp fingernails. [demonic
                  | ancestry]
   274 | D:1      | Reached XP level 2. HP: 19/19 MP: 0/5
   751 | D:2      | Noticed Terence
   757 | D:2      | Killed Terence
   757 | D:2      | Gained mutation: You are partially covered in iridescent
                  | scales. (AC +2) [demonic ancestry]
   757 | D:2      | Reached XP level 3. HP: 19/24 MP: 1/7
  1145 | D:2      | Reached XP level 4. HP: 26/30 MP: 4/8
  1195 | D:2      | Learned a level 2 spell: Throw Frost
  1972 | D:1      | Learned a level 4 spell: Throw Icicle
  2276 | D:3      | Reached XP level 5. HP: 35/35 MP: 8/10
  3028 | D:3      | Noticed an ogre
  3035 | D:3      | Killed an ogre
  3035 | D:3      | Reached skill level 1 in Fighting
  3035 | D:3      | Reached skill level 1 in Unarmed Combat
  3113 | D:3      | Gained mutation: You are mostly covered in iridescent
                  | scales. (AC +4) [demonic ancestry]
  3113 | D:3      | Reached XP level 6. HP: 39/43 MP: 8/11
  3320 | D:3      | Found a bloodstained altar of Trog.
  4613 | D:5      | Entered Level 5 of the Dungeon
  5447 | D:5      | Gained mutation: You are partially covered in sharp spines.
                  | [demonic ancestry]
  5447 | D:5      | Reached XP level 7. HP: 48/48 MP: 8/12
  5672 | D:5      | Reached skill level 5 in Ice Magic
  6532 | D:6      | Found a blossoming altar of Fedhas.
  6532 | D:6      | Found a faded altar of an unknown god.
  6537 | D:6      | Found a faded altar of an unknown god.
  6539 | D:6      | Found an ornate altar of the Wu Jian Council.
  6541 | D:6      | Found a burning altar of Makhleb.
  6848 | D:6      | Found a staircase to the Ecumenical Temple.
  6857 | Temple   | Entered the Ecumenical Temple
  7028 | Temple   | Became a worshipper of Vehumet
  7608 | D:6      | Reached XP level 8. HP: 41/57 MP: 10/14
  7905 | D:6      | Found a basalt altar of Yredelemnul.
  7972 | D:6      | Noticed Menkaure
  7982 | D:6      | Killed Menkaure
  8726 | D:7      | Noticed a hippogriff
  8743 | D:7      | Killed a hippogriff
  9013 | D:7      | Reached skill level 5 in Conjurations
  9535 | D:7      | Noticed Joseph
  9554 | D:7      | Killed Joseph
  9554 | D:7      | Reached skill level 1 in Armour
  9554 | D:7      | Reached XP level 9. HP: 58/64 MP: 6/16
 10668 | D:8      | Reached skill level 5 in Spellcasting
 10766 | D:8      | Found an iron altar of Okawaru.
 11273 | D:8      | Reached * piety under Vehumet
 11273 | D:8      | Offered knowledge of Sting by Vehumet.
 11996 | D:8      | Found a deep blue altar of Sif Muna.
 12333 | D:8      | Learned a level 2 spell: Blink
 12337 | D:8      | Learned a level 3 spell: Conjure Flame
 12505 | D:9      | Gained mutation: You have very sharp fingernails. [demonic
                  | ancestry]
 12505 | D:9      | Reached XP level 10. HP: 45/73 MP: 18/18
 12786 | D:9      | Noticed a two-headed ogre
 13099 | D:9      | Found a staircase to the Orcish Mines.
 13252 | D:9      | Offered knowledge of Shock by Vehumet.
 13286 | D:9      | Reached ** piety under Vehumet
 13323 | D:9      | Reached skill level 1 in Fire Magic
 13481 | D:9      | HP: 2/73 [ogre/+0 giant club (13)]
 13488 | D:10     | Entered Level 10 of the Dungeon
 13488 | D:10     | Found a runed translucent gate.
 13488 | D:10     | Found a runed translucent gate.
 13488 | D:10     | Found a runed translucent gate.
 13488 | D:10     | Noticed a brown ugly thing
 13488 | D:10     | Noticed a white ugly thing
 13491 | D:10     | Noticed a red ugly thing
 13494 | D:10     | Noticed a green ugly thing
 13501 | D:10     | Slain by an orc warrior

Skill      XL: |  1  2  3  4  5  6  7  8  9 10 |
---------------+-------------------------------+-----
Ice Magic      | 3 4 5 6 7 |  7.6
Spellcasting   | 3 4 5 |  5.5
Fighting       | 1 2 3 4 |  4.5
Dodging        | 2 3 4 |  4.8
Unarmed Combat | 1 2 3 4 |  4.2
Conjurations   | 2 3 4 5 6 7 |  7.0
Armour         | 1 2 |  2.7
Fire Magic     | 1 |  1.0
Stealth        | |  1.7

Action                   |  1- 3 |  4- 6 |  7- 9 | 10-12 || total
-------------------------+-------+-------+-------+-------++-------
Melee: Unarmed           |     7 |       |    48 |   100 ||   155
       Flail             |     3 |    25 |       |       ||    28
       Short sword       |       |    13 |    15 |       ||    28
       Trident           |       |       |   137 |       ||   137
       Punch             |       |       |     2 |     1 ||     3
 Cast: Freeze            |    50 |   198 |   166 |     9 ||   423
       Throw Frost       |       |     7 |     2 |       ||     9
       Throw Icicle      |       |       |     2 |       ||     2
  Use: Scroll            |       |     7 |     4 |    11 ||    22
 Stab: Sleeping          |       |     2 |     6 |       ||     8
  Eat: Chunk             |     1 |    11 |    13 |     1 ||    26
       Ration            |       |     1 |     3 |       ||     4
Armor: Robe              |    11 |    67 |    43 |       ||   121
       Ring mail         |       |       |    73 |    38 ||   111
Dodge: Dodged            |    28 |   119 |   137 |    56 ||   340

Levels and vault maps discovered:
D:1:      wander_arrival_fairy_ring, layout_basic
D:2:      layout_rooms, first_ration, minmay_misc_feat_roman,
          skrybe_limestone_x, lemuel_flame_loot_1, uniq_terence
D:3:      layout_loops_cross, lemuel_doored_altar
D:4:      layout_loops_ring, serial_bayou_pond_c, st_stairs_4
D:5:      layout_loops_ring
D:6:      layout_layer_cave, yredelemnul_forgotten_temple_becter,
          chequers_temple_overflow_minitemple, minmay_temple_entry_mini_moons,
          uniq_menkaure
D:7:      layout_basic, grunt_ogre_cave, chequers_serial_rivers_micro_b,
          minmay_holes, uniq_joseph
D:8:      layout_basic, nicolae_overflow_crystal_walls, kennysheep_little_box
D:9:      layout_rooms, erik_orc_3, hangedman_decor_diamond_cutter,
          lightli_corner_chamber
D:10:     layout_long_grid, david_lair_generic,
          ploomutoo_gammafunk_ghost_potion_laboratory
Temple:   regret_index_temple_waves
